AoeStats
← isnaldojr

Golden Pit

508058417Analyzed
1v1 RM · 12d ago on Sep 20, 2026· 42m 15s· 2 players
Game mode
Random Map
Map size
Tiny (2 player)
Population
200
Speed
Normal
Resources
Standard
Victory
Conquest
Starting age
Dark Age
Ending age
Imperial Age
RankedLock teamsTeams togetherTeam positionsShared explorationLock speedFull tech treeHidden civsTurbo modeCheats
Victory
Defeat
🇧🇷 Byzantines · Brazil
1002
+17
🇨🇴 Bohemians · Colombia
1017
-17
isnaldojr
7:38 Loom
10:20 Feudal Age
17:23 Double-Bit Axe
19:51 Castle Age
18:00 Horse Collar
31:24 Gold Mining
32:17 Wheelbarrow
39:14 Imperial Age
37:48 Husbandry
37:56 Scale Barding Armor
38:02 Forging
41:34 Chemistry
Oni.Juan el bautista
5:19 Loom
10:00 Feudal Age
10:46 Double-Bit Axe
19:08 Castle Age
19:24 Wheelbarrow
26:11 Pikeman
30:39 Hand Cart
31:53 Horse Collar
32:26 Bow Saw
33:28 Fletching
33:38 Padded Archer Armor
38:27 Imperial Age
37:53 Scale Mail Armor
Connection lost

Rejoining the realm…

Still unreachable

The connection could not be restored.

Session expired

The server has moved on; the page needs a fresh start.